Login

Cunts vs Warheads

Created - May 5, 2024 at 11:38

Goals
1 2 3 T
Cunts 0 1 0 1
Warheads 2 0 0 2
Shots
1 2 3 T
Cunts 8 7 5 20
Warheads 8 11 20 39

GoalsPenalties
1st period
1. Warheads , Lawson Crouse 16 (Robert Thomas 29, Jake Walman 14) at 9:16
2. Warheads , Lawson Crouse 17 (Lucas Raymond 24, Robert Thomas 30) at 10:58
Luke Schenn (CUN) for Roughing (Minor) at 17:12
2nd period
3. Cunts , Gabriel Vilardi 15 (Brock Boeser 20, Justin Holl 14) at 1:10 (PP)
Timothy Liljegren (WAR) for Hooking (Minor) at 0:48
Jeremy Lauzon (WAR) for Interference (Minor) at 13:26
3rd period
No Goal
Andre Burakovsky (CUN) for Hooking (Minor) at 0:23
Justin Holl (CUN) for Holding (Minor) at 6:45
Nicolas Roy (WAR) for Tripping (Minor) at 14:23
Luke Glendening (CUN) for Holding (Minor) at 16:42
Goalie Stats
Darcy Kuemper (CUN), 37 saves from 39 shots - (0.949), L, 37-33-7, 59:53 minutes
Logan Thompson (WAR), 19 saves from 20 shots - (0.950), W, 33-36-7, 60:00 minutes
3 StarsOfficial
1 - Lawson Crouse (WAR)
2 - Darcy Kuemper (CUN)
3 - Robert Thomas (WAR)
Referees : Unknown
Linesman : Unknown
Game Note
No Game Note
Finance
Level 1 -- Attendance: 5008 (83.47%) -- Ticket Income $500,800
Level 2 -- Attendance: 3509 (70.18%) -- Ticket Income $210,540
Level 3 -- Attendance: 1399 (69.95%) -- Ticket Income $48,965
Level 4 -- Attendance: 2838 (70.95%) -- Ticket Income $70,950
Luxury Box -- Attendance: 1000 (100.00%) -- Ticket Income $200,000
Game was played at the COS Torwar.
Total Attendance: 13754 (76.41%)
Total Ticket Income: $1,031,255
Other Income: $412,502
Total Income: $1,443,757



Team Name Goals Shots Shots Attemp Shots Blocked PIM HIT PP PK FO%
Cunts 12042228171 / 3 (33%)038%
Warheads 23982106120 / 4 (0%)163%

Cunts
Player Name POS G A P +/- PIM HIT SHT SB MP PP MP PP SHT PK MP PK SHT FO% FOT
Andre BurakovskyLW/RW0000201021:532:1602:28050% 2
Andrew PeekeD000-1010420:041:1704:1300% 1
Artemi PanarinLW0000023024:002:1604:34016% 19
Blake WheelerRW000-1021016:350:0000:0000% 1
Bo HorvatC0000012124:002:1614:34063% 16
Brock BoeserRW011-1001018:312:0403:2200% 1
Dylan DeMeloD0000020414:490:0000:4000% 0
Gabriel VilardiC/RW101-1004015:302:0420:21041% 22
Jake McCabeD0000011215:410:0001:3200% 0
Jonathan DrouinLW/RW000-1001017:050:0000:3300% 1
Justin HollD0110201217:173:0312:4500% 0
Keegan KolesarC/LW/RW000-1030015:092:0400:0000% 0
Luke GlendeningC/RW000-1212016:310:0000:00041% 17
Luke SchennD000-1220418:121:1702:2500% 0
Oliver Ekman-LarssonD000000000:570:0000:0000% 0
Sean DurziD000-102108:310:0000:0300% 0
Travis SanheimD000-100138:280:0000:0000% 0
Tyler MyersD0000001218:473:0304:1400% 0
Warheads
Player Name POS G A P +/- PIM HIT SHT SB MP PP MP PP SHT PK MP PK SHT FO% FOT
Brock KnuckledunkerC/LW0000022017:140:0002:3300% 0
Cam FowlerD0000013017:495:4632:3800% 0
Damon SeversonD0000001217:544:1610:5700% 0
Ilya MikheyevLW/RW000000006:160:0000:2700% 0
Jack McBainC/LW0000033119:023:4411:460100% 1
Jacob MiddletonD0000011214:231:1500:2700% 0
Jake WalmanD0111000016:240:0000:0000% 0
Jeff CarterC/RW000000215:490:0000:00080% 10
Jeremy LauzonD0001201116:230:0000:0000% 0
John MarinoD0001001225:574:3502:4300% 0
Lawson CrouseLW/RW2022027017:544:1230:0000% 1
Lucas RaymondRW0112006017:544:1230:0000% 2
Lukas ReichelLW/RW0000001014:410:0000:0000% 1
Mitchell MarnerRW0000003024:433:4402:12017% 6
Nicolas RoyC/LW/RW0000223017:372:2300:00068% 19
Radek FaksaC/LW0000000013:320:0000:00070% 10
Robert ThomasC/RW0222005020:575:3321:42067% 30
Timothy LiljegrenD0001210111:080:0001:5500% 0

Cunts

5 vs 5 Forward
Line #Left WingCenterRight WingPHYDFOFWanted %Time %Time Play
1Artemi PanarinBo HorvatAndre Burakovsky1223026%12:14
2Keegan KolesarGabriel VilardiBrock Boeser1222828%13:05
3Jonathan DrouinLuke GlendeningBlake Wheeler1222637%17:29
4Bo HorvatArtemi PanarinAndre Burakovsky1221610%4:30
5 vs 5 Defense
Line #DefenseDefensePHYDFOFWanted %Time %Time Play
1Luke SchennAndrew Peeke1223028%13:11
2Justin HollTyler Myers1222824%11:30
3Jake McCabeDylan DeMelo1222630%14:09
4Travis SanheimSean Durzi1221618%8:28
Power Play Forward
Line #Left WingCenterRight WingPHYDFOFWanted %Time %Time Play
1Artemi PanarinBo HorvatAndre Burakovsky1225552%2:16
2Keegan KolesarGabriel VilardiBrock Boeser1224548%2:04
Power Play Defense
Line #DefenseDefensePHYDFOFWanted %Time %Time Play
1Luke SchennAndrew Peeke1225530%1:17
2Justin HollTyler Myers1224570%3:03
Penalty Kill 4 Players Forward
Line #CenterWingPHYDFOFWanted %Time %Time Play
1Artemi PanarinBo Horvat1225558%4:34
2Andre BurakovskyBrock Boeser1224542%3:22
Penalty Kill 4 Players Defense
Line #DefenseDefensePHYDFOFWanted %Time %Time Play
1Luke SchennAndrew Peeke1225546%3:39
2Justin HollTyler Myers1224554%4:17
Penalty Kill 3 Players
Line #WingPHYDFOFWanted %Time %Time PlayDefenseDefensePHYDFOFWanted %Time %Time Play
1Artemi Panarin122550%0:00 Luke SchennAndrew Peeke122550%0:00
2Bo Horvat122450%0:00 Justin HollTyler Myers122450%0:00
4 vs 4 Forward
Line #CenterWingPHYDFOFWanted %Time %Time Play
1Artemi PanarinBo Horvat122550%0:00
2Andre BurakovskyBrock Boeser122450%0:00
4 vs 4 Defense
Line #DefensePHYDFOFWanted %Time %Time Play
1Luke SchennAndrew Peeke122550%0:00
2Justin HollTyler Myers122450%0:00
Last Minutes Offensive
Left WingCenterRight WingDefenseDefense
Artemi PanarinBo HorvatAndre BurakovskyLuke SchennAndrew Peeke
Last Minutes Defensive
Left WingCenterRight WingDefenseDefense
Artemi PanarinBo HorvatAndre BurakovskyLuke SchennAndrew Peeke
Time
Total ForwardTotal DefenseLast Minutes OffensiveLast Minutes Defensive
60:00 60:00 0:260:00
Extra Forwards
Normal PowerPlayPenalty Kill
Blake Wheeler, Luke Glendening, Jonathan DrouinBlake Wheeler, Luke GlendeningJonathan Drouin
Extra Defensemen
Normal PowerPlayPenalty Kill
Oliver Ekman-Larsson, Jake McCabe, Dylan DeMeloOliver Ekman-Larsson, Jake McCabeDylan DeMelo
Penalty Shots
Artemi Panarin, Bo Horvat, Andre Burakovsky, Brock Boeser, Gabriel Vilardi
Goalie
Darcy Kuemper, Alex Nedeljkovic
Custom OT Lines Forwards
Artemi Panarin, Bo Horvat, Andre Burakovsky, Brock Boeser, Gabriel Vilardi, Blake Wheeler, Luke Glendening, Keegan Kolesar, Jonathan Drouin,
Custom OT Lines Defensemen
Luke Schenn, Andrew Peeke, Justin Holl, Tyler Myers, Jake McCabe
Scratches
Rod Tapper (Healthy), Alex Newhook (Healthy), Guillaume Brisebois (Healthy)

Warheads

5 vs 5 Forward
Line #Left WingCenterRight WingPHYDFOFWanted %Time %Time Play
1Jack McBainRadek FaksaMitchell Marner1223027%12:58
2Lawson CrouseRobert ThomasLucas Raymond1222829%13:42
3Brock KnuckledunkerNicolas RoyLukas Reichel1222631%14:41
4Ilya MikheyevJeff CarterMitchell Marner1221612%5:49
5 vs 5 Defense
Line #DefenseDefensePHYDFOFWanted %Time %Time Play
1Jeremy LauzonJake Walman1223035%16:24
2John MarinoCam Fowler1222820%9:25
3John MarinoTimothy Liljegren1222618%8:40
4Damon SeversonJacob Middleton1221627%12:41
Power Play Forward
Line #Left WingCenterRight WingPHYDFOFWanted %Time %Time Play
1Jack McBainRobert ThomasMitchell Marner1225547%3:44
2Lawson CrouseRobert ThomasLucas Raymond1224553%4:12
Power Play Defense
Line #DefenseDefensePHYDFOFWanted %Time %Time Play
1Cam FowlerJohn Marino1225586%6:48
2John MarinoCam Fowler1224514%1:08
Penalty Kill 4 Players Forward
Line #CenterWingPHYDFOFWanted %Time %Time Play
1Mitchell MarnerJack McBain1225561%2:38
2Robert ThomasJack McBain1224539%1:42
Penalty Kill 4 Players Defense
Line #DefenseDefensePHYDFOFWanted %Time %Time Play
1Cam FowlerJohn Marino12255100%4:20
2John MarinoCam Fowler122450%0:00
Penalty Kill 3 Players
Line #WingPHYDFOFWanted %Time %Time PlayDefenseDefensePHYDFOFWanted %Time %Time Play
1Mitchell Marner122550%0:00 Cam FowlerJohn Marino122550%0:00
2Mitchell Marner122450%0:00 John MarinoCam Fowler122450%0:00
4 vs 4 Forward
Line #CenterWingPHYDFOFWanted %Time %Time Play
1Mitchell MarnerJack McBain122550%0:00
2Robert ThomasJack McBain122450%0:00
4 vs 4 Defense
Line #DefensePHYDFOFWanted %Time %Time Play
1John MarinoCam Fowler122550%0:00
2John MarinoCam Fowler122450%0:00
Last Minutes Offensive
Left WingCenterRight WingDefenseDefense
Jack McBainRadek FaksaMitchell MarnerJeremy LauzonJake Walman
Last Minutes Defensive
Left WingCenterRight WingDefenseDefense
Jack McBainRadek FaksaMitchell MarnerJeremy LauzonJake Walman
Time
Total ForwardTotal DefenseLast Minutes OffensiveLast Minutes Defensive
60:00 60:00 0:000:34
Extra Forwards
Normal PowerPlayPenalty Kill
Mitchell Marner, Nicolas Roy, Jack McBainMitchell Marner, Nicolas RoyMitchell Marner
Extra Defensemen
Normal PowerPlayPenalty Kill
John Marino, Timothy Liljegren, Damon SeversonJohn Marino, Timothy LiljegrenDamon Severson
Penalty Shots
Mitchell Marner, Nicolas Roy, Robert Thomas, Jack McBain, Lucas Raymond
Goalie
Logan Thompson, Adin Hill
Custom OT Lines Forwards
Mitchell Marner, Radek Faksa, Robert Thomas, Jack McBain, Lucas Raymond, Lawson Crouse, Brock Knuckledunker, Nicolas Roy, Lukas Reichel, Jeff Carter
Custom OT Lines Defensemen
Jeremy Lauzon, Jake Walman, John Marino, Cam Fowler, Timothy Liljegren
Scratches
Andrew Copp (Healthy), Jordan Greenway (Healthy)


Play-by-Play

1st period


0:01 of 1st period - Bo Horvat wins face-off versus Radek Faksa in neutral zone.
1:13 of 1st period - Shot by Robert Thomas.
1:13 of 1st period - Stopped by Darcy Kuemper without a rebound.
1:14 of 1st period - Gabriel Vilardi wins face-off versus Nicolas Roy in Cunts zone.
1:24 of 1st period - Shot by Gabriel Vilardi.
1:24 of 1st period - Stopped by Logan Thompson with a rebound.
1:39 of 1st period - Icing by Nicolas Roy.
1:40 of 1st period - Nicolas Roy wins face-off versus Luke Glendening in Warheads zone.
1:40 of 1st period - Nicolas Roy is hit by Dylan DeMelo.
1:54 of 1st period - Brock Knuckledunker is hit by Dylan DeMelo.
2:14 of 1st period - Shot by Blake Wheeler.
2:14 of 1st period - Shot Blocked by Timothy Liljegren.
2:25 of 1st period - Shot by Mitchell Marner.
2:25 of 1st period - Shot Blocked by Dylan DeMelo.
3:05 of 1st period - Off-side.
3:06 of 1st period - Robert Thomas wins face-off versus Artemi Panarin in neutral zone.
3:17 of 1st period - Shot by Lawson Crouse.
3:17 of 1st period - Stopped by Darcy Kuemper without a rebound.
3:18 of 1st period - Nicolas Roy wins face-off versus Artemi Panarin in Cunts zone.
3:33 of 1st period - Shot by Bo Horvat.
3:33 of 1st period - Shot Blocked by Jacob Middleton.
3:40 of 1st period - Shot by Bo Horvat.
3:40 of 1st period - Deflect By Andre Burakovsky.
3:40 of 1st period - Stopped by Logan Thompson without a rebound.
3:41 of 1st period - Robert Thomas wins face-off versus Brock Boeser in Warheads zone.
3:56 of 1st period - Icing by Robert Thomas.
3:57 of 1st period - Luke Glendening wins face-off versus Robert Thomas in Warheads zone.
4:05 of 1st period - Shot by Luke Glendening.
4:05 of 1st period - Shot Misses the Net.
4:07 of 1st period - Shot by Jake McCabe.
4:07 of 1st period - Stopped by Logan Thompson without a rebound.
4:08 of 1st period - Radek Faksa wins face-off versus Artemi Panarin in Warheads zone.
5:23 of 1st period - Shot by Gabriel Vilardi.
5:23 of 1st period - Shot Blocked by Jeremy Lauzon.
5:33 of 1st period - Shot by Brock Boeser.
5:33 of 1st period - Stopped by Logan Thompson without a rebound.
5:34 of 1st period - Nicolas Roy wins face-off versus Luke Glendening in Warheads zone.
5:34 of 1st period - Nicolas Roy is hit by Luke Glendening.
5:52 of 1st period - Shot by Blake Wheeler.
5:52 of 1st period - Deflect By Luke Glendening.
5:52 of 1st period - Shot Misses the Net.
5:54 of 1st period - Shot by Luke Glendening.
5:54 of 1st period - Shot Blocked by Damon Severson.
7:13 of 1st period - Shot by Bo Horvat.
7:13 of 1st period - Shot Misses the Net.
7:15 of 1st period - Shot by Travis Sanheim.
7:15 of 1st period - Stopped by Logan Thompson without a rebound.
7:16 of 1st period - Robert Thomas wins face-off versus Gabriel Vilardi in Warheads zone.
7:38 of 1st period - Off-side.
7:39 of 1st period - Bo Horvat wins face-off versus Nicolas Roy in neutral zone.
8:00 of 1st period - Shot by Brock Knuckledunker.
8:00 of 1st period - Stopped by Darcy Kuemper without a rebound.
8:01 of 1st period - Jack McBain wins face-off versus Gabriel Vilardi in Cunts zone.
8:05 of 1st period - Mitchell Marner is hit by Luke Schenn and loses puck.
8:25 of 1st period - Jack McBain is hit by Andrew Peeke and loses puck.
8:44 of 1st period - John Marino is hit by Keegan Kolesar and loses puck.
8:52 of 1st period - Icing by John Marino.
8:53 of 1st period - Radek Faksa wins face-off versus Bo Horvat in Warheads zone.
9:00 of 1st period - Shot by Artemi Panarin.
9:00 of 1st period - Stopped by Logan Thompson with a rebound.
9:02 of 1st period - Shot by Tyler Myers.
9:02 of 1st period - Stopped by Logan Thompson without a rebound.
9:03 of 1st period - Luke Glendening wins face-off versus Robert Thomas in Warheads zone.
9:16 of 1st period - Shot by Lawson Crouse.
9:16 of 1st period - Goal by Lawson Crouse - Cunts : 0 - Warheads : 1.
9:17 of 1st period - Nicolas Roy wins face-off versus Bo Horvat in neutral zone.
9:46 of 1st period - Brock Knuckledunker is hit by Artemi Panarin and loses puck.
10:58 of 1st period - Shot by Lawson Crouse.
10:58 of 1st period - Goal by Lawson Crouse - Cunts : 0 - Warheads : 2.
10:59 of 1st period - Mitchell Marner wins face-off versus Gabriel Vilardi in neutral zone.
11:06 of 1st period - Shot by Mitchell Marner.
11:06 of 1st period - Shot Misses the Net.
12:10 of 1st period - Off-side.
12:11 of 1st period - Bo Horvat wins face-off versus Robert Thomas in neutral zone.
12:22 of 1st period - Shot by Robert Thomas.
12:22 of 1st period - Stopped by Darcy Kuemper without a rebound.
12:23 of 1st period - Nicolas Roy wins face-off versus Luke Glendening in Cunts zone.
12:52 of 1st period - Shot by Nicolas Roy.
12:52 of 1st period - Shot Blocked by Tyler Myers.
13:56 of 1st period - Icing by John Marino.
13:57 of 1st period - Gabriel Vilardi wins face-off versus Nicolas Roy in Warheads zone.
14:14 of 1st period - Nicolas Roy is hit by Keegan Kolesar.
15:02 of 1st period - Shot by Blake Wheeler.
15:02 of 1st period - Shot Misses the Net.
15:58 of 1st period - Shot by Artemi Panarin.
15:58 of 1st period - Stopped by Logan Thompson without a rebound.
15:59 of 1st period - Jeff Carter wins face-off versus Gabriel Vilardi in Warheads zone.
16:08 of 1st period - Off-side.
16:09 of 1st period - Luke Glendening wins face-off versus Robert Thomas in neutral zone.
16:28 of 1st period - Shot by Robert Thomas.
16:28 of 1st period - Stopped by Darcy Kuemper with a rebound.
16:49 of 1st period - Icing by Jake McCabe.
16:50 of 1st period - Luke Glendening wins face-off versus Jeff Carter in Cunts zone.
17:12 of 1st period - Minor Penalty to Luke Schenn for Roughing.
17:13 of 1st period - Artemi Panarin wins face-off versus Robert Thomas in Cunts zone.
18:08 of 1st period - Jake McCabe is hit by Jack McBain and loses puck.
18:27 of 1st period - Shot by Mitchell Marner.
18:27 of 1st period - Shot Blocked by Andrew Peeke.
18:39 of 1st period - Shot by Damon Severson.
18:39 of 1st period - Shot Blocked by Jake McCabe.
18:41 of 1st period - Shot by Robert Thomas.
18:41 of 1st period - Stopped by Darcy Kuemper without a rebound.
18:42 of 1st period - Robert Thomas wins face-off versus Andre Burakovsky in Cunts zone.
19:21 of 1st period - Icing by Jeremy Lauzon.
19:22 of 1st period - Luke Glendening wins face-off versus Nicolas Roy in Warheads zone.
19:31 of 1st period - Shot by Brock Knuckledunker.
19:31 of 1st period - Shot Blocked by Travis Sanheim.
19:45 of 1st period - Shot by Brock Knuckledunker.
19:45 of 1st period - Deflect By Nicolas Roy.
19:45 of 1st period - Shot Misses the Net.
Goals for this period are 0 for Cunts vs 2 for Warheads.
Shots for this period are 8 for Cunts vs 8 for Warheads.

2nd period


0:01 of 2nd period - Radek Faksa wins face-off versus Artemi Panarin in neutral zone.
0:06 of 2nd period - Shot by Jack McBain.
0:06 of 2nd period - Stopped by Darcy Kuemper with a rebound.
0:08 of 2nd period - Shot by Jack McBain.
0:08 of 2nd period - Stopped by Darcy Kuemper with a rebound.
0:10 of 2nd period - Shot by Jack McBain.
0:10 of 2nd period - Shot Misses the Net.
0:48 of 2nd period - Minor Penalty to Timothy Liljegren for Hooking.
0:49 of 2nd period - Gabriel Vilardi wins face-off versus Mitchell Marner in Warheads zone.
1:10 of 2nd period - Shot by Gabriel Vilardi.
1:10 of 2nd period - Goal by Gabriel Vilardi - Cunts : 1 - Warheads : 2.
1:11 of 2nd period - Robert Thomas wins face-off versus Blake Wheeler in neutral zone.
1:11 of 2nd period - Robert Thomas is hit by Blake Wheeler.
1:25 of 2nd period - Shot by Robert Thomas.
1:25 of 2nd period - Shot Misses the Net.
1:27 of 2nd period - Shot by Lucas Raymond.
1:27 of 2nd period - Stopped by Darcy Kuemper with a rebound.
2:23 of 2nd period - Off-side.
2:24 of 2nd period - Gabriel Vilardi wins face-off versus Radek Faksa in neutral zone.
3:07 of 2nd period - Icing by Andrew Peeke.
3:08 of 2nd period - Gabriel Vilardi wins face-off versus Robert Thomas in Cunts zone.
3:33 of 2nd period - Shot by Lucas Raymond.
3:33 of 2nd period - Shot Misses the Net.
3:35 of 2nd period - Shot by Robert Thomas.
3:35 of 2nd period - Shot Misses the Net.
3:37 of 2nd period - Shot by Damon Severson.
3:37 of 2nd period - Shot Blocked by Luke Schenn.
3:45 of 2nd period - Shot by Lawson Crouse.
3:45 of 2nd period - Stopped by Darcy Kuemper without a rebound.
3:46 of 2nd period - Bo Horvat wins face-off versus Nicolas Roy in Cunts zone.
3:46 of 2nd period - Bo Horvat is hit by Nicolas Roy.
3:54 of 2nd period - Justin Holl is hit by Nicolas Roy and loses puck.
4:09 of 2nd period - Shot by Nicolas Roy.
4:09 of 2nd period - Shot Blocked by Justin Holl.
4:11 of 2nd period - Shot by Lukas Reichel.
4:11 of 2nd period - Stopped by Darcy Kuemper without a rebound.
4:12 of 2nd period - Luke Glendening wins face-off versus Jeff Carter in Cunts zone.
4:23 of 2nd period - Shot by Blake Wheeler.
4:23 of 2nd period - Deflect By Jonathan Drouin.
4:23 of 2nd period - Shot Blocked by Jeff Carter.
5:24 of 2nd period - Shot by Lucas Raymond.
5:24 of 2nd period - Stopped by Darcy Kuemper without a rebound.
5:25 of 2nd period - Bo Horvat wins face-off versus Nicolas Roy in Cunts zone.
5:50 of 2nd period - Shot by Andre Burakovsky.
5:50 of 2nd period - Shot Blocked by Jacob Middleton.
6:00 of 2nd period - Jacob Middleton is hit by Bo Horvat and loses puck.
6:23 of 2nd period - Cam Fowler is hit by Sean Durzi and loses puck.
7:41 of 2nd period - Icing by Travis Sanheim.
7:42 of 2nd period - Nicolas Roy wins face-off versus Bo Horvat in Cunts zone.
7:56 of 2nd period - Bo Horvat is hit by Brock Knuckledunker and loses puck.
8:13 of 2nd period - Shot by Brock Boeser.
8:13 of 2nd period - Shot Misses the Net.
8:15 of 2nd period - Shot by Keegan Kolesar.
8:15 of 2nd period - Shot Misses the Net.
8:34 of 2nd period - Keegan Kolesar is hit by Jacob Middleton and loses puck.
9:25 of 2nd period - Shot by Mitchell Marner.
9:25 of 2nd period - Stopped by Darcy Kuemper with a rebound.
10:15 of 2nd period - Shot by Lawson Crouse.
10:15 of 2nd period - Shot Misses the Net.
10:21 of 2nd period - Shot by Lucas Raymond.
10:21 of 2nd period - Shot Misses the Net.
10:46 of 2nd period - Shot by Lucas Raymond.
10:46 of 2nd period - Shot Blocked by Dylan DeMelo.
11:05 of 2nd period - Icing by Cam Fowler.
11:06 of 2nd period - Jeff Carter wins face-off versus Andrew Peeke in Warheads zone.
12:31 of 2nd period - Shot by Brock Knuckledunker.
12:31 of 2nd period - Shot Misses the Net.
13:25 of 2nd period - Shot by Bo Horvat.
13:25 of 2nd period - Stopped by Logan Thompson without a rebound.
13:26 of 2nd period - Gabriel Vilardi wins face-off versus Robert Thomas in Warheads zone.
13:26 of 2nd period - Minor Penalty to Jeremy Lauzon for Interference.
13:27 of 2nd period - Robert Thomas wins face-off versus Gabriel Vilardi in Warheads zone.
14:57 of 2nd period - Shot by Gabriel Vilardi.
14:57 of 2nd period - Deflect By Brock Boeser.
14:57 of 2nd period - Shot Blocked by Damon Severson.
14:59 of 2nd period - Shot by Gabriel Vilardi.
14:59 of 2nd period - Stopped by Logan Thompson without a rebound.
15:00 of 2nd period - Bo Horvat wins face-off versus Mitchell Marner in Warheads zone.
15:15 of 2nd period - Timothy Liljegren is hit by Artemi Panarin and loses puck.
15:21 of 2nd period - Off-side.
15:22 of 2nd period - Gabriel Vilardi wins face-off versus Mitchell Marner in neutral zone.
15:54 of 2nd period - Lawson Crouse is hit by Jake McCabe and loses puck.
16:19 of 2nd period - Shot by Brock Boeser.
16:19 of 2nd period - Shot Misses the Net.
16:21 of 2nd period - Shot by Sean Durzi.
16:21 of 2nd period - Stopped by Logan Thompson without a rebound.
16:22 of 2nd period - Nicolas Roy wins face-off versus Artemi Panarin in Warheads zone.
16:31 of 2nd period - Shot by Brock Knuckledunker.
16:31 of 2nd period - Shot Misses the Net.
16:33 of 2nd period - Shot by Nicolas Roy.
16:33 of 2nd period - Shot Blocked by Andrew Peeke.
16:35 of 2nd period - Shot by John Marino.
16:35 of 2nd period - Stopped by Darcy Kuemper without a rebound.
16:36 of 2nd period - Gabriel Vilardi wins face-off versus Radek Faksa in Cunts zone.
16:36 of 2nd period - Tyler Myers is hit by Jack McBain and loses puck.
17:11 of 2nd period - Shot by Gabriel Vilardi.
17:11 of 2nd period - Shot Blocked by Jack McBain.
17:13 of 2nd period - Shot by Gabriel Vilardi.
17:13 of 2nd period - Stopped by Logan Thompson with a rebound.
17:39 of 2nd period - Shot by Luke Schenn.
17:39 of 2nd period - Shot Misses the Net.
17:51 of 2nd period - Shot by Blake Wheeler.
17:51 of 2nd period - Shot Misses the Net.
17:53 of 2nd period - Shot by Luke Glendening.
17:53 of 2nd period - Stopped by Logan Thompson without a rebound.
17:54 of 2nd period - Robert Thomas wins face-off versus Artemi Panarin in Warheads zone.
18:01 of 2nd period - Shot by Lucas Raymond.
18:01 of 2nd period - Stopped by Darcy Kuemper without a rebound.
18:02 of 2nd period - Robert Thomas wins face-off versus Bo Horvat in Cunts zone.
18:07 of 2nd period - Shot by Lucas Raymond.
18:07 of 2nd period - Deflect By Lawson Crouse.
18:07 of 2nd period - Shot Misses the Net.
18:23 of 2nd period - Shot by Lucas Raymond.
18:23 of 2nd period - Shot Misses the Net.
19:08 of 2nd period - Shot by Nicolas Roy.
19:08 of 2nd period - Stopped by Darcy Kuemper without a rebound.
19:09 of 2nd period - Jeff Carter wins face-off versus Gabriel Vilardi in Cunts zone.
19:10 of 2nd period - Shot by Mitchell Marner.
19:10 of 2nd period - Shot Misses the Net.
19:22 of 2nd period - Shot by Jeff Carter.
19:22 of 2nd period - Stopped by Darcy Kuemper without a rebound.
19:23 of 2nd period - Nicolas Roy wins face-off versus Luke Glendening in Cunts zone.
19:24 of 2nd period - Shot by Lukas Reichel.
19:24 of 2nd period - Shot Blocked by Luke Schenn.
19:49 of 2nd period - Shot by Luke Glendening.
19:49 of 2nd period - Stopped by Logan Thompson without a rebound.
19:50 of 2nd period - Radek Faksa wins face-off versus Gabriel Vilardi in Warheads zone.
Goals for this period are 1 for Cunts vs 0 for Warheads.
Shots for this period are 7 for Cunts vs 11 for Warheads.

3rd period


0:01 of 3rd period - Jeff Carter wins face-off versus Artemi Panarin in neutral zone.
0:23 of 3rd period - Minor Penalty to Andre Burakovsky for Hooking.
0:24 of 3rd period - Robert Thomas wins face-off versus Bo Horvat in Cunts zone.
0:37 of 3rd period - Shot by Robert Thomas.
0:37 of 3rd period - Stopped by Darcy Kuemper with a rebound.
0:39 of 3rd period - Shot by John Marino.
0:39 of 3rd period - Shot Misses the Net.
1:45 of 3rd period - Shot by Nicolas Roy.
1:45 of 3rd period - Shot Misses the Net.
1:55 of 3rd period - Shot by Damon Severson.
1:55 of 3rd period - Stopped by Darcy Kuemper without a rebound.
1:56 of 3rd period - Robert Thomas wins face-off versus Artemi Panarin in Cunts zone.
2:27 of 3rd period - Shot by Mitchell Marner.
2:27 of 3rd period - Stopped by Darcy Kuemper without a rebound.
2:28 of 3rd period - Nicolas Roy wins face-off versus Luke Glendening in Cunts zone.
2:29 of 3rd period - Shot by Brock Knuckledunker.
2:29 of 3rd period - Stopped by Darcy Kuemper without a rebound.
2:30 of 3rd period - Luke Glendening wins face-off versus Lukas Reichel in Cunts zone.
2:37 of 3rd period - Shot by Blake Wheeler.
2:37 of 3rd period - Stopped by Logan Thompson without a rebound.
2:38 of 3rd period - Nicolas Roy wins face-off versus Gabriel Vilardi in Warheads zone.
2:47 of 3rd period - Justin Holl is hit by Brock Knuckledunker and loses puck.
3:14 of 3rd period - Shot by Gabriel Vilardi.
3:14 of 3rd period - Deflect By Brock Boeser.
3:14 of 3rd period - Shot Misses the Net.
3:35 of 3rd period - Artemi Panarin is hit by Timothy Liljegren and loses puck.
3:59 of 3rd period - Shot by Bo Horvat.
3:59 of 3rd period - Deflect By Artemi Panarin.
3:59 of 3rd period - Stopped by Logan Thompson without a rebound.
4:00 of 3rd period - Robert Thomas wins face-off versus Jonathan Drouin in Warheads zone.
4:38 of 3rd period - Dylan DeMelo is hit by Lawson Crouse and loses puck.
4:44 of 3rd period - Icing by Jake McCabe.
4:45 of 3rd period - Radek Faksa wins face-off versus Luke Glendening in Cunts zone.
4:46 of 3rd period - Shot by Mitchell Marner.
4:46 of 3rd period - Shot Blocked by Jake McCabe.
5:49 of 3rd period - Brock Knuckledunker is hit by Luke Schenn and loses puck.
6:23 of 3rd period - Icing by Andrew Peeke.
6:24 of 3rd period - Robert Thomas wins face-off versus Artemi Panarin in Cunts zone.
6:40 of 3rd period - Shot by Lucas Raymond.
6:40 of 3rd period - Shot Blocked by Andrew Peeke.
6:42 of 3rd period - Shot by Jacob Middleton.
6:42 of 3rd period - Stopped by Darcy Kuemper without a rebound.
6:43 of 3rd period - Jeff Carter wins face-off versus Gabriel Vilardi in Cunts zone.
6:45 of 3rd period - Minor Penalty to Justin Holl for Holding.
6:46 of 3rd period - Robert Thomas wins face-off versus Artemi Panarin in Cunts zone.
7:25 of 3rd period - Brock Boeser is hit by Jack McBain and loses puck.
7:39 of 3rd period - Icing by Damon Severson.
7:40 of 3rd period - Andre Burakovsky wins face-off versus Lucas Raymond in Warheads zone.
8:08 of 3rd period - Shot by Lucas Raymond.
8:08 of 3rd period - Shot Misses the Net.
8:10 of 3rd period - Shot by Lawson Crouse.
8:10 of 3rd period - Stopped by Darcy Kuemper without a rebound.
8:11 of 3rd period - Robert Thomas wins face-off versus Artemi Panarin in Cunts zone.
8:12 of 3rd period - Shot by Mitchell Marner.
8:12 of 3rd period - Shot Misses the Net.
8:14 of 3rd period - Shot by Mitchell Marner.
8:14 of 3rd period - Shot Blocked by Bo Horvat.
8:18 of 3rd period - Shot by Cam Fowler.
8:18 of 3rd period - Stopped by Darcy Kuemper without a rebound.
8:19 of 3rd period - Robert Thomas wins face-off versus Artemi Panarin in Cunts zone.
8:24 of 3rd period - Shot by Cam Fowler.
8:24 of 3rd period - Stopped by Darcy Kuemper without a rebound.
8:25 of 3rd period - Robert Thomas wins face-off versus Artemi Panarin in Cunts zone.
9:19 of 3rd period - Shot by Brock Knuckledunker.
9:19 of 3rd period - Shot Blocked by Travis Sanheim.
9:21 of 3rd period - Shot by Jake Walman.
9:21 of 3rd period - Shot Blocked by Travis Sanheim.
9:23 of 3rd period - Shot by Jeremy Lauzon.
9:23 of 3rd period - Stopped by Darcy Kuemper without a rebound.
9:24 of 3rd period - Jeff Carter wins face-off versus Luke Glendening in Cunts zone.
9:28 of 3rd period - Icing by Luke Schenn.
9:29 of 3rd period - Radek Faksa wins face-off versus Luke Glendening in Cunts zone.
9:40 of 3rd period - Shot by Blake Wheeler.
9:40 of 3rd period - Deflect By Jonathan Drouin.
9:40 of 3rd period - Stopped by Logan Thompson without a rebound.
9:41 of 3rd period - Bo Horvat wins face-off versus Robert Thomas in Warheads zone.
10:02 of 3rd period - Artemi Panarin is hit by Cam Fowler and loses puck.
10:19 of 3rd period - Icing by Lawson Crouse.
10:20 of 3rd period - Gabriel Vilardi wins face-off versus Lawson Crouse in Warheads zone.
10:35 of 3rd period - Icing by John Marino.
10:36 of 3rd period - Robert Thomas wins face-off versus Luke Glendening in Warheads zone.
10:36 of 3rd period - Robert Thomas is hit by Blake Wheeler.
11:46 of 3rd period - Shot by Nicolas Roy.
11:46 of 3rd period - Stopped by Darcy Kuemper without a rebound.
11:47 of 3rd period - Nicolas Roy wins face-off versus Gabriel Vilardi in Cunts zone.
11:48 of 3rd period - Shot by Brock Knuckledunker.
11:48 of 3rd period - Shot Blocked by Andrew Peeke.
11:50 of 3rd period - Shot by Nicolas Roy.
11:50 of 3rd period - Shot Blocked by Luke Schenn.
12:00 of 3rd period - Shot by Nicolas Roy.
12:00 of 3rd period - Stopped by Darcy Kuemper without a rebound.
12:01 of 3rd period - Robert Thomas wins face-off versus Bo Horvat in Cunts zone.
12:02 of 3rd period - Shot by Lawson Crouse.
12:02 of 3rd period - Shot Misses the Net.
12:09 of 3rd period - Off-side.
12:10 of 3rd period - Jeff Carter wins face-off versus Gabriel Vilardi in neutral zone.
12:15 of 3rd period - Shot by Mitchell Marner.
12:15 of 3rd period - Stopped by Darcy Kuemper without a rebound.
12:16 of 3rd period - Radek Faksa wins face-off versus Artemi Panarin in Cunts zone.
12:46 of 3rd period - Shot by Bo Horvat.
12:46 of 3rd period - Shot Misses the Net.
13:27 of 3rd period - Gabriel Vilardi is hit by Lawson Crouse and loses puck.
13:47 of 3rd period - Lucas Raymond is hit by Keegan Kolesar and loses puck.
14:01 of 3rd period - Icing by Andrew Peeke.
14:02 of 3rd period - Nicolas Roy wins face-off versus Gabriel Vilardi in Cunts zone.
14:23 of 3rd period - Minor Penalty to Nicolas Roy for Tripping.
14:24 of 3rd period - Bo Horvat wins face-off versus Mitchell Marner in Warheads zone.
14:27 of 3rd period - Shot by Andre Burakovsky.
14:27 of 3rd period - Shot Blocked by John Marino.
14:29 of 3rd period - Shot by Bo Horvat.
14:29 of 3rd period - Stopped by Logan Thompson without a rebound.
14:30 of 3rd period - Bo Horvat wins face-off versus Mitchell Marner in Warheads zone.
15:07 of 3rd period - Shot by Artemi Panarin.
15:07 of 3rd period - Shot Misses the Net.
15:09 of 3rd period - Shot by Tyler Myers.
15:09 of 3rd period - Shot Blocked by John Marino.
15:11 of 3rd period - Shot by Justin Holl.
15:11 of 3rd period - Stopped by Logan Thompson without a rebound.
15:12 of 3rd period - Robert Thomas wins face-off versus Gabriel Vilardi in Warheads zone.
16:31 of 3rd period - Mitchell Marner is hit by Sean Durzi and loses puck.
16:42 of 3rd period - Minor Penalty to Luke Glendening for Holding.
16:43 of 3rd period - Robert Thomas wins face-off versus Artemi Panarin in Cunts zone.
16:44 of 3rd period - Shot by Lawson Crouse.
16:44 of 3rd period - Deflect By Lucas Raymond.
16:44 of 3rd period - Stopped by Darcy Kuemper without a rebound.
16:45 of 3rd period - Artemi Panarin wins face-off versus Lucas Raymond in Cunts zone.
16:54 of 3rd period - Shot by Damon Severson.
16:54 of 3rd period - Shot Blocked by Luke Schenn.
16:56 of 3rd period - Shot by Lucas Raymond.
16:56 of 3rd period - Stopped by Darcy Kuemper without a rebound.
16:57 of 3rd period - Bo Horvat wins face-off versus Robert Thomas in Cunts zone.
17:06 of 3rd period - Shot by Cam Fowler.
17:06 of 3rd period - Shot Blocked by Justin Holl.
17:08 of 3rd period - Shot by Lawson Crouse.
17:08 of 3rd period - Stopped by Darcy Kuemper with a rebound.
17:10 of 3rd period - Shot by Robert Thomas.
17:10 of 3rd period - Shot Blocked by Tyler Myers.
17:26 of 3rd period - Shot by Lawson Crouse.
17:26 of 3rd period - Stopped by Darcy Kuemper without a rebound.
17:27 of 3rd period - Nicolas Roy wins face-off versus Artemi Panarin in Cunts zone.
17:34 of 3rd period - Shot by Mitchell Marner.
17:34 of 3rd period - Deflect By Nicolas Roy.
17:34 of 3rd period - Shot Misses the Net.
17:36 of 3rd period - Shot by Jack McBain.
17:36 of 3rd period - Stopped by Darcy Kuemper with a rebound.
17:42 of 3rd period - Shot by Cam Fowler.
17:42 of 3rd period - Stopped by Darcy Kuemper without a rebound.
17:43 of 3rd period - Artemi Panarin wins face-off versus Robert Thomas in Cunts zone.
18:04 of 3rd period - Shot by Jack McBain.
18:04 of 3rd period - Shot Misses the Net.
18:33 of 3rd period - Shot by Nicolas Roy.
18:33 of 3rd period - Deflect By Lucas Raymond.
18:33 of 3rd period - Shot Misses the Net.
18:41 of 3rd period - Shot by Lucas Raymond.
18:41 of 3rd period - Stopped by Darcy Kuemper without a rebound.
18:42 of 3rd period - Jeff Carter wins face-off versus Luke Glendening in Cunts zone.
18:58 of 3rd period - Shot by Mitchell Marner.
18:58 of 3rd period - Deflect By Ilya Mikheyev.
18:58 of 3rd period - Shot Blocked by Dylan DeMelo.
19:00 of 3rd period - Shot by Jeff Carter.
19:00 of 3rd period - Stopped by Darcy Kuemper with a rebound.
19:15 of 3rd period - Shot by Ilya Mikheyev.
19:15 of 3rd period - Shot Blocked by Dylan DeMelo.
19:53 of 3rd period - Cunts, Darcy Kuemper is pulled from the net.
Goals for this period are 0 for Cunts vs 0 for Warheads.
Shots for this period are 5 for Cunts vs 20 for Warheads.